 Dungeon Crawl Stone Soup version 0.29-a0-103-g37f86683bf (webtiles) character file.

Game seed: 5182700952930406099

18 Ratty the Skirmisher (level 2, 0/27 HPs)
             Began as a Draconian Cinder Acolyte on Feb 15, 2022.
             Was a High Priest of Ignis.
             Slain by a ball python (3 damage)
             ... on level 1 of the Dungeon.
             The game lasted 00:04:00 (937 turns).

Ratty the Skirmisher (Draconian Cinder Acolyte)      Turns: 937, Time: 00:04:01

Health: 0/27       AC:  4    Str: 16    XL:     2   Next: 51%
Magic:  3/3        EV:  8    Int: 14    God:    Ignis [*****.]
Gold:   91         SH:  0    Dex:  6    Spells: 3/3 levels left

rFire   + . .      SeeInvis .   a - -1 falchion (flame)
rCold   . . .      Faith    .   (no shield)
rNeg    . . .      Spirit   .   (armour unavailable)
rPois   .          Reflect  .   (helmet restricted)
rElec   .          Harm     .   (no cloak)
rCorr   .          Rampage  .   (no gloves)
Will    .....                   (no boots)
Stlth   +.........              (no amulet)
HPRegen 0.09/turn               (no ring)
MPRegen 0.08/turn               (no ring)

@: constricted
A: AC +4, unfitting armour, cold-blooded
a: Renounce Religion, Fiery Armour, Foxfire Swarm


You were on level 1 of the Dungeon.
You worshipped Ignis.
Ignis was extremely pleased with you.
You visited 1 branch of the dungeon, and saw 2 of its levels.

You collected 91 gold pieces.

Inventory:

Hand Weapons
 a - a -1 falchion of flaming (weapon)
 d - a +0 short sword of electrocution
Missiles
 c - 35 sling bullets
 e - 34 bolts
Scrolls
 h - a scroll of enchant weapon {unknown}
Potions
 b - 2 potions of might {unknown}
 f - a potion of heal wounds {unknown}
 g - a potion of attraction {unknown}
 i - 2 potions of flight {unknown}


   Skills:
 + Level 3.7 Fighting
 + Level 3.2 Long Blades
 + Level 0.3 Dodging
 + Level 1.0 Spellcasting
 + Level 3.2 Fire Magic


You had 3 spell levels left.
You didn't know any spells.
Your spell library contained the following spells:

 Spells                   Type           Power      Damage    Failure   Level
 Scorch                   Fire           18%        2d6       11%         2
 Apportation              Tloc           0%         N/A       26%         1
 Slow                     Hex            0%         N/A       26%         1
 Confusing Touch          Hex            0%         N/A       61%         3
 Gell's Gravitas          Tloc           0%         N/A       61%         3
 Lesser Beckoning         Tloc           0%         N/A       61%         3
 Teleport Other           Tloc           0%         N/A       61%         3
 Vampiric Draining        Necr           0%         2d6       61%         3
 Alistair's Intoxication  Tmut/Pois      0%         N/A       100%        5


Dungeon Overview and Level Annotations

Branches:
Dungeon (2/15)

Altars:


Innate Abilities, Weirdness & Mutations

Your plain brown scales are hard. (AC +4)
You cannot fit into any form of body armour.
You are cold-blooded and may be slowed by cold attacks.


Message History

You feel yourself slow down. The endoplasm misses you.
You begin to rise into the air.
You feel yourself speed up. The bat barely misses you. The endoplasm hits you.
* * * LOW HITPOINT WARNING * * *
The endoplasm freezes you.
You are frozen.
* * * LOW HITPOINT WARNING * * *
You feel yourself slow down.
You slash the bat! You burn the bat.
You kill the bat!
The endoplasm hits you but does no damage.
The endoplasm freezes you.
You are frozen.
* * * LOW HITPOINT WARNING * * *
The endoplasm hits you.
* * * LOW HITPOINT WARNING * * *
The endoplasm closely misses you.
You feel yourself speed up.
With a burst of heat and light, you rocket upward!
There is a shaft here.
Found 11 gold pieces.
Found a scroll labelled LOM TOOHOR.
You now have 91 gold pieces (gained 11).
A hobgoblin comes into view.
The hobgoblin shouts!
You hear an angry hiss.
A ball python comes into view.
Found 13 gold pieces.
You see here a scroll labelled LOM TOOHOR.
The ball python bites you but does no damage.
The ball python grabs you. The ball python constricts you.
* * * LOW HITPOINT WARNING * * *
The ball python's grasp on you weakens, but your attempt to escape fails.
The ball python bites you but does no damage.
The ball python constricts you.
You closely miss the ball python. The ball python barely misses you.
The ball python constricts you.
* * * LOW HITPOINT WARNING * * *
You closely miss the ball python. The ball python bites you.
You die...

##.# P...P♣ #.#
###### #.# #
......
#.########### .##
..##..
#.....^.....# #.##
......
###########.#. #..
# ..#### #.#.##.#
#.# #.#....# ....
## ##.###@.##..#
.. #....gS.....#
##
######..###..##.##
........# #?.# #
#######.###..## #
#........
####.....$.
......### ##.....#


You could see a hobgoblin and a ball python.

Vanquished Creatures
  A worm (D:2)
  2 ball pythons
  3 bats
  2 endoplasms (D:1)
  A giant cockroach (D:2)
  A frilled lizard (D:1)
  2 goblins
  2 kobolds (D:1)
14 creatures vanquished.

Vanquished Creatures (collateral kills)
  A bat (D:1)
1 creature vanquished.

Grand Total: 15 creatures vanquished

Notes
Turn   | Place    | Note
-------+----------+-------------------------------------------
     0 | D:1      | Ratty the Draconian Cinder Acolyte began the quest for the
                  | Orb.
     0 | D:1      | Reached XP level 1. HP: 19/19 MP: 2/2
   128 | D:1      | Found a faded altar of an unknown god.
   385 | D:1      | Reached XP level 2. HP: 27/27 MP: 3/3
   901 | D:2      | HP: 1/27 [endoplasm (3)]
   937 | D:1      | Slain by a ball python

Illustrated notes

Levels and vault maps discovered:
D:1:      minmay_arrival_arboretum_small, layout_loops_ring,
          hellmonk_ecumenical_altar_lost_god, chequers_serial_rivers_small_3
D:2:      layout_loops_ring, grunt_decor_fettered, minmay_tetromino_i2,
          uniq_natasha

Action                   || total
-------------------------++-------
Melee: Falchion          ||    44
       Tailslap          ||     5
Invok: Rising Flame      ||     1
  Use: Scroll            ||     1
Armor: Skin              ||    33
Dodge: Dodged            ||    47

Table legend: (Time is in decaauts)
 A = Elapsed time spent in this place.
 B = Non-inter-level travel time spent in this place.
 C = Inter-level travel time spent in this place.
 D = Time resting spent in this place.
 E = Time spent auto-exploring this place.
 F = Levels seen in this place.
 G = Mean time per level.
                   A        B        C        D        E       F      G
               +--------+--------+--------+--------+--------+-----+--------+
         Total |    950 |    948 |      2 |      0 |      0 |   2 |  475.0 |
       Dungeon |    950 |    948 |      2 |      0 |      0 |   2 |  475.0 |
               +--------+--------+--------+--------+--------+-----+--------+

Top non-repeatable levels by time:
     D:1: 699 daAuts
     D:2: 251 daAuts
